 Dungeon Crawl Stone Soup version 0.31-a0-255-g9c3d1c461a (webtiles) character file.

Game seed: 14403087909425065735

228 qw the Shooter (level 5, -6/45 HPs)
             Began as a Minotaur Hexslinger on July 12, 2023.
             Killed from afar by Blork the orc (8 damage)
             ... with a magic dart
             ... on level 4 of the Dungeon.
             The game lasted 00:01:11 (2902 turns).

qw the Shooter (Minotaur Hexslinger)                Turns: 2902, Time: 00:01:11

Health: -6/45      AC:  6    Str: 13    XL:     5   Next: 70%
Magic:  5/5        EV: 11    Int: 10    God:
Gold:   149        SH:  0    Dex: 14    Spells: 5/6 levels left

rFire   . . .        Y - +1 sling
rCold   . . .        (no shield)
rNeg    . . .        i - +0 ring mail
rPois   .            (helmet restricted)
rElec   .            (no cloak)
rCorr   .            j - +0 pair of gloves
SInv    .            (no boots)
Will    .....        d - amulet of faith
Stlth   +            (no ring)
HPRegen 0.27/turn    (no ring)
MPRegen 0.09/turn

%: faith
@: no status effects
A: horns 2, retaliatory headbutt
a: no special abilities


You were on level 4 of the Dungeon.
You visited 1 branch of the dungeon, and saw 4 of its levels.

You collected 149 gold pieces.


Innate Abilities, Weirdness & Mutations

You have a pair of horns on your head.
You reflexively headbutt those who attack you in melee.


   Skills:
 - Level 3.1 Fighting
 + Level 5.9 Ranged Weapons
 - Level 1.0 Armour
 - Level 2.1 Dodging
 - Level 1.0 Spellcasting
 - Level 2.0 Hexes


You had 5 spell levels left.
You knew the following spells:

 Your Spells              Type           Power      Damage    Failure   Level
a - Slow                  Hex            16%        N/A       32%         1

Your spell library contained the following spells:

 Spells                   Type           Power      Damage    Failure   Level
 Inner Flame              Hex/Fire       2%         N/A       82%         3
 Portal Projectile        Hex/Tloc       4%         N/A       82%         3
 Cause Fear               Hex            2%         N/A       97%         4

Inventory:

Hand Weapons
 Y - a +1 sling (weapon)
Armour
 i - a +0 ring mail (worn)
 j - a +0 pair of gloves (worn)
Jewellery
 d - an amulet of faith (around neck)
Scrolls
 a - 2 scrolls of identify
Potions
 e - a potion of enlightenment {unknown}
 f - a potion of resistance {unknown}
 g - a potion of ambrosia {unknown}
 h - a potion of cancellation {unknown}

Dungeon Overview and Level Annotations

Branches:
Dungeon (4/15)
 Temple: D:4-7

Altars:
Qazlal
Uskayaw

Annotations:
D:2 1 runed translucent door, Crazy Yiuf
D:4 Blork the orc


Message History

2896 ||| FLEEEEING.
You shoot a sling bullet.
The sling bullet barely misses the gnoll.
The gnoll hits you but does no damage.
Blork the orc casts a cantrip, but nothing happens.
You shoot a sling bullet. The sling bullet hits the gnoll!
The gnoll is heavily wounded.
The gnoll hits you with a +0 flail!
Blork the orc hits you with a +0 short sword.
You shoot a sling bullet. The sling bullet hits the gnoll.
The gnoll is almost dead.
The gnoll barely misses you. The gnoll hits you with a +0 flail.
Blork the orc screams, "Die!"
Blork the orc hits you with a +0 short sword.
The gnoll hits you from afar with a +0 spear.
Blork the orc completely misses you. The gnoll hits you with a +0 flail.
You shoot a sling bullet.
The sling bullet barely misses the gnoll.
Blork the orc closely misses you. You furiously retaliate!
You headbutt Blork the orc.
A hobgoblin comes into view.
The gnoll completely misses you. The gnoll barely misses you.
You furiously retaliate!
You headbutt the gnoll.
You kill the gnoll!
You shoot a sling bullet. The hobgoblin shouts!
The sling bullet hits Blork the orc but does no damage.
Blork the orc is lightly wounded.
Blork the orc casts a cantrip, but nothing happens.
Blork the orc barely misses you.
The gnoll hits you from afar with a +0 spear.
You shoot a sling bullet.
The sling bullet hits Blork the orc but does no damage.
Blork the orc is lightly wounded.
Blork the orc gestures at you while chanting.
The puff of frost hits you!
The gnoll hits you from afar with a +0 spear.
Blork the orc gestures at you while chanting.
The magic dart hits you!
You die...

.# #.# . .. .# ...
.#. .# ..# .#g .#
#.# .. .# #.# #g .#
#.# #g##.#
#.#####.#
#o)..######........
#.@###...########.#
#..##..#..........#
#.....###.#########
#..##..#..#
#..###...## #..#
##.## #..# #.# #...
... ##.# #. ##


You could see Blork the orc (fast), 2 gnolls and a hobgoblin.

Vanquished Creatures
  A scorpion (D:3)
  An orc wizard (D:3)
  2 gnolls (D:4)
  3 adders
  An ufetubus (D:4)
  2 worms
  3 dart slugs
  3 orcs (D:3)
  6 ball pythons
  3 bats
  10 endoplasms
  A giant cockroach (D:2)
  7 goblins
  4 hobgoblins (D:1)
  9 jackals
  A quokka (D:2)
  3 frilled lizards
  12 kobolds
  5 rats
77 creatures vanquished.

Notes
Turn   | Place    | Note
-------+----------+-------------------------------------------
     0 | D:1      | qw the Minotaur Hexslinger began the quest for the Orb.
     0 | D:1      | Reached XP level 1. HP: 16/16 MP: 1/1
     0 | D:1      | 0 ||| qw: Version: 0.3-a-52-g30416fa
     0 | D:1      | 0 ||| qw: Game counter: 6723
     0 | D:1      | 0 ||| qw: Melee chars always use a shield: true
     0 | D:1      | 0 ||| qw: God list: Okawaru
     0 | D:1      | 0 ||| qw: Allow faded altars: false
     0 | D:1      | 0 ||| qw: Do Orc after clearing Dungeon:15 true
     0 | D:1      | 0 ||| qw: Do second Lair branch before Depths: true
     0 | D:1      | 0 ||| qw: Lair rune preference: random
     0 | D:1      | 0 ||| qw: Goals: Normal
     0 | D:1      | 0 ||| PLANNING D:1-11
    21 | D:1      | 21 ||| DROPPING scroll of poison.
   111 | D:1      | Reached skill level 3 in Ranged Weapons
   116 | D:1      | Reached XP level 2. HP: 23/23 MP: 2/2
   295 | D:1      | 295 ||| Stepping ~*~*~tactically~*~*~ (water).
   751 | D:1      | Reached XP level 3. HP: 29/29 MP: 3/3
   893 | D:1      | 893 ||| UPGRADING to +0 leather armour.
   903 | D:1      | 903 ||| DROPPING +0 robe.
   904 | D:1      | 904 ||| DROPPING ring of magical power.
   905 | D:1      | 905 ||| READING scroll labelled ZABUOB LEISYI.
  1105 | D:2      | Reached skill level 4 in Ranged Weapons
  1250 | D:2      | Found a runed translucent door.
  1251 | D:2      | Noticed Crazy Yiuf
  1466 | D:2      | Reached XP level 4. HP: 36/36 MP: 4/4
  1647 | D:2      | 1647 ||| UPGRADING to +0 ring mail.
  1657 | D:2      | 1657 ||| DROPPING +0 leather armour.
  1658 | D:2      | 1658 ||| UPGRADING to +0 pair of gloves.
  1663 | D:2      | 1663 ||| READING 2 scrolls labelled JUGAPT CAUNESU.
  1664 | D:2      | 1664 ||| READING scroll labelled ZUUPROSMAF.
  1780 | D:3      | Reached skill level 1 in Armour
  2066 | D:3      | Noticed a scorpion
  2070 | D:3      | Killed a scorpion
  2071 | D:3      | Reached skill level 5 in Ranged Weapons
  2071 | D:3      | Reached XP level 5. HP: 41/41 MP: 5/5
  2403 | D:3      | Reached skill level 3 in Fighting
  2598 | D:3      | Found a hide-covered altar of Uskayaw.
  2630 | D:3      | Found a stormy altar of Qazlal.
  2794 | D:3      | 2794 ||| UPGRADING to amulet of faith.
  2799 | D:3      | 2799 ||| READING scroll labelled BAENO GOV ZIOL.
  2800 | D:3      | 2800 ||| READING 2 scrolls of identify.
  2800 | D:3      | 2800 ||| IDENTIFYING smoky black potion
  2801 | D:3      | 2801 ||| DROPPING potion of invisibility.
  2891 | D:4      | Noticed Blork the orc
  2895 | D:4      | 2895 ||| Stepping ~*~*~tactically~*~*~ (outnumbered).
  2896 | D:4      | 2896 ||| FLEEEEING.
  2902 | D:4      | HP: 5/45 [Blork the orc/puff of frost (12)]
  2902 | D:4      | HP: 2/45 [gnoll/+0 spear (3)]
  2902 | D:4      | Killed from afar by Blork the orc

Levels and vault maps discovered:
D:1:      dpeg_arrival_simpleton_c, layout_loops_ring, serial_bayou,
          serial_bayou_ford_a, serial_bayou_crossing, serial_bayou_shore_b,
          serial_bayou_shore_a, serial_bayou_lagoon_a
D:2:      layout_basic, grunt_decor_one_mirror, minmay_misc_feat_square,
          uniq_crazy_yiuf_cottage
D:3:      layout_loops_corners, mainiacjoe_overflow_two_lobes,
          grunt_decor_resistance
D:4:      layout_loops_ring, nicolae_overflow_hidden_temple, uniq_blork_the_orc

Skill      XL: |  1  2  3  4  5 |
---------------+----------------+-----
Ranged Weapons | 3 4 5 |  5.9
Fighting       | 2 3 |  3.1
Armour         | 1 |  1.0
Dodging        | |  2.1
Spellcasting   | |  1.0
Hexes          | |  2.0

Action                     |  1- 3 |  4- 6 || total
---------------------------+-------+-------++-------
   Fire: Sling             |   147 |   101 ||   248
    Use: Scroll            |     1 |     4 ||     5
 Armour: Robe              |     6 |       ||     6
         Leather armour    |     5 |     1 ||     6
         Ring mail         |       |    23 ||    23
  Dodge: Dodged            |    39 |    36 ||    75

Table legend:
 A = Non-vault XP
 B = Vault XP
 C = Vault XP percentage of total XP
 D = Non-vault monster count
 E = Vault monster count
 F = Vault count percentage of total count
                 A         B        C        D         E       F
            +---------+---------+-------+---------+---------+-------
      Total |     326 |       0 |   0.0 |      77 |       0 |   0.0
            +---------+---------+-------+---------+---------+-------
        D:1 |      42 |       0 |   0.0 |      24 |       0 |   0.0
        D:2 |      63 |       0 |   0.0 |      29 |       0 |   0.0
        D:3 |     185 |       0 |   0.0 |      21 |       0 |   0.0
        D:4 |      36 |       0 |   0.0 |       3 |       0 |   0.0
            +---------+---------+-------+---------+---------+-------
